Map: [ESL] Waterfall

Players

Spirit - Winner!

  • Race: Terran Terran
  • Spawn Location: 1:00

YoungYakov

  • Race: Zerg Zerg
  • Spawn Location: 7:00

Event: DreamHack SC2 Masters 2022 Atlanta (Online)

VOD

Have the link to the VOD?

Description

Time

  • Played on: Oct. 2, 2022, 1:10 p.m.
  • Length: 7:37

All games in this series

Show
View Real Time Build Order
Export as new Build Order

Spirit Terran - Winner!

Build Orders: Reaper Expand, Hellion Banshee 

Get SALT Encoding   

  12  0:00  SCV  
  13  0:12  SCV  
  14  0:17  Supply Depot  
  14  0:24  SCV  
  15  0:38  SCV  
  15  0:39  Barracks  
  16  0:44  Refinery  
  16  0:50  SCV  
  17  1:03  SCV  
  18  1:15  SCV  
  19  1:27  Reaper, Orbital Command  
  20  1:40  Command Center  
  20  1:50  Supply Depot  
  20  1:53  SCV  
  21  1:59  Marine  
  22  2:05  SCV  
  23  2:09  Factory  
  23  2:13  Refinery  
  23  2:17  SCV  
  23  2:22  Barracks Reactor  
  24  2:29  SCV  
  25  2:41  SCV  
  26  2:52  Orbital Command  
  26  2:53  SCV, Starport  
  28  3:05  SCV  
  28  3:08  Hellion x2  
  31  3:16  Barracks Tech Lab  
  31  3:17  SCV  
  31  3:19  SCV  
  33  3:26  Supply Depot  
  33  3:29  SCV  
  33  3:30  Hellion x2  
  33  3:31  SCV  
  39  3:38  Cloaking Field  
  39  3:41  Banshee  
  42  3:42  SCV  
  42  3:43  Barracks Tech Lab  
  42  3:45  SCV  
  44  3:54  SCV  
  44  3:55  Hellion x2  
  49  3:57  SCV  
  49  4:01  Stimpack  
  49  4:02  Marine  
  51  4:06  SCV  
  51  4:09  SCV  
  53  4:10  Supply Depot  
  53  4:17  Supply Depot  
  53  4:18  SCV  
  54  4:28  Command Center  
  54  4:32  SCV  
  54  4:33  Banshee  
  54  4:36  SCV  
  59  4:39  Factory Reactor  
  59  4:44  SCV  
  60  4:48  SCV  
  60  4:50  Barracks  
  60  4:51  Marine  
  62  4:53  Barracks  
  62  4:54  Supply Depot  
  62  4:56  SCV  
  63  5:00  SCV  
  64  5:07  Engineering Bay  
  64  5:09  Engineering Bay, SCV  
  64  5:12  SCV  
  62  5:19  Marine  
  63  5:21  Refinery, SCV  
  63  5:22  Supply Depot, Refinery  
  63  5:24  SCV  
  63  5:25  Starport Reactor  
  68  5:28  Siege Tank  
  68  5:33  SCV  
  68  5:35  Terran Infantry Armor Level 1, Terran Infantry Weapons Level 1  
  69  5:43  Orbital Command  
  69  5:45  SCV  
  69  5:47  Combat Shield  
  69  5:48  Marine x5  
  75  5:54  SCV  
  76  6:00  SCV  
  76  6:01  Siege Tank  
  80  6:06  Marine x3  
  80  6:08  SCV  
  80  6:10  Orbital Command  
  84  6:11  Marine x2  
  84  6:14  Medivac  
  84  6:16  Supply Depot  
  84  6:17  Medivac  
  90  6:18  Supply Depot, SCV  
  90  6:24  SCV, Marine x3  
  95  6:29  Marine  
  95  6:30  SCV  
  97  6:34  Barracks  
  97  6:35  Barracks  
  97  6:36  SCV, Marine  
  97  6:37  SCV  
  100  6:41  Marine x3  
  100  6:42  Supply Depot, SCV  
  100  6:45  Armory  
  104  6:47  Marine  
  104  6:48  SCV  
  104  6:53  SCV  
  107  6:55  Supply Depot, SCV  
  107  6:56  Supply Depot  
  107  6:57  Bunker, Siege Tank  
  107  7:00  SCV  
  112  7:04  Marine  
  112  7:05  SCV  
  114  7:09  SCV  
  114  7:10  Marine x4  
  114  7:13  SCV  
  120  7:21  Barracks Reactor  
  120  7:22  Barracks Reactor  
  117  7:23  SCV x2  
  117  7:25  SCV  
Show
View Real Time Build Order
Export as new Build Order

YoungYakov Zerg 

Build Orders: Hatch First 

Get SALT Encoding   

  12  0:00  Drone  
  13  0:12  Overlord  
  13  0:17  Drone  
  14  0:30  Drone  
  14  0:31  Drone  
  16  0:48  Hatchery  
  15  0:51  Drone  
  15  0:55  Drone  
  17  0:58  Drone  
  18  1:08  Extractor  
  17  1:13  Spawning Pool  
  17  1:16  Drone  
  17  1:21  Drone  
  18  1:27  Drone  
  19  1:39  Drone  
  20  1:49  Drone  
  21  2:00  Zergling x4, Queen  
  21  2:01  Queen  
  27  2:10  Overlord  
  27  2:12  Drone  
  28  2:30  Drone  
  28  2:31  Drone  
  28  2:32  Drone, Extractor  
  28  2:33  Metabolic Boost, Drone  
  31  2:37  Queen  
  31  2:40  Queen  
  31  2:42  Extractor  
  35  2:48  Extractor, Overlord  
  35  2:50  Overlord  
  36  3:05  Hatchery  
  36  3:10  Drone x3  
  38  3:16  Drone x3  
  41  3:22  Drone x2  
  41  3:24  Overlord  
  43  3:31  Queen  
  45  3:35  Drone x2  
  45  3:41  Queen  
  47  3:45  Drone x2  
  47  3:46  Drone  
  52  3:50  Drone x2  
  52  3:52  Drone  
  52  3:54  Drone x2  
  57  3:57  Drone  
  57  3:58  Extractor  
  57  4:02  Drone  
  58  4:09  Drone x2, Evolution Chamber x2  
  58  4:18  Overlord x2  
  58  4:19  Queen  
  58  4:22  Zergling x4  
  58  4:24  Drone  
  63  4:25  Drone  
  63  4:28  Overlord  
  63  4:30  Drone  
  63  4:31  Drone  
  66  4:37  Zerg Ground Armor Level 1  
  66  4:40  Zerg Melee Weapons Level 1  
  66  4:43  Spore Crawler  
  66  4:45  Spore Crawler  
  64  4:46  Spore Crawler  
  64  4:48  Drone x2  
  64  4:52  Drone x2  
  65  4:57  Drone  
  65  4:58  Drone x2  
  68  5:05  Drone x3  
  63  5:15  Drone x7  
  63  5:19  Lair  
  70  5:24  Drone  
  70  5:25  Drone x3  
  74  5:31  Baneling Nest  
  74  5:34  Spore Crawler  
  72  5:37  Drone x2  
  74  5:44  Extractor  
  74  5:45  Extractor  
  74  5:49  Drone x3  
  76  5:50  Drone x3  
  76  5:51  Overlord  
  77  6:02  Zergling x16  
  83  6:06  Drone  
  83  6:07  Drone  
  82  6:16  Drone x3, Centrifugal Hooks  
  85  6:21  Drone x4  
  85  6:23  Overseer, Overlord  
  85  6:24  Hatchery  
  85  6:25  Baneling x5  
  88  6:28  Drone x3  
  91  6:33  Drone x4  
  91  6:39  Overlord x2  
  95  6:44  Baneling x5  
  95  6:45  Spore Crawler  
  95  6:46  Zergling x2  
  95  6:47  Spore Crawler, Zergling x2  
  95  6:48  Zergling x2  
  96  6:54  Zergling x2  
  96  6:55  Zergling x10  
  96  6:57  Zergling x2  
  103  7:04  Zergling x2  
  103  7:05  Zergling x8  
  108  7:11  Zergling x4  
  98  7:16  Zergling x2  
  98  7:19  Zergling x8  
Tags
 
Add a new tag
Caveats
  • Supply blocks, unpowered buildings, or Contaminate may cause inaccurate times.
  • Supply counts are checked every 10 seconds.